 Dungeon Crawl Stone Soup version 0.30-a0-23-ge60ba3568b (webtiles) character file.

Game seed: 5040065643605688306

1255 AttackTheMoon the Cutter (level 8, -1/46 HPs)
             Began as a Kobold Necromancer on Aug 24, 2022.
             Was a Follower of Kikubaaqudgha.
             Slain by jlumianski's ghost (15 damage)
             ... on level 5 of the Dungeon.
             The game lasted 00:11:33 (5834 turns).

AttackTheMoon the Cutter (Kobold Necromancer)       Turns: 5834, Time: 00:11:34

Health: -1/46      AC:  7    Str:  9    XL:     8   Next: 80%
Magic:  14/14      EV: 16    Int: 17    God:    Kikubaaqudgha [*.....]
Gold:   420        SH:  0    Dex: 13    Spells: 12/15 levels left

rFire   . . .      SeeInvis .    n - +3 club (spect)
rCold   + + +      Faith    .    (no shield)
rNeg    + + .      Spirit   .    t - +0 robe of Xurith {rC+++ rN++ Will-}
rPois   .          Reflect  .    (no helmet)
rElec   .          Harm     .    (no cloak)
rCorr   .          Rampage  .    y - +0 pair of gloves
Will    .....                    (no boots)
Stlth   +++.......               (no amulet)
HPRegen 0.15/turn                e - +4 ring of slaying
MPRegen 0.14/turn                f - +4 ring of protection

@: no status effects
A: small, no large weapons, nightstalker 3, clumsy 1, strong 1
a: Renounce Religion, Unearth Wretches


You were on level 5 of the Dungeon.
You worshipped Kikubaaqudgha.
Kikubaaqudgha was aware of your devotion.
You visited 1 branch of the dungeon, and saw 5 of its levels.

You collected 420 gold pieces.

Inventory:

Hand Weapons
 d - a +0 dagger
 n - a +3 spectral club (weapon)
 r - a +0 quick blade
Armour
 a - a +0 robe
 p - a +1 helmet
 t - the +0 robe of Xurith (worn) {rC+++ rN++ Will-}
   (You found it on level 4 of the Dungeon)

   rC:        It renders you almost immune to cold.
   rN:        It greatly protects you from negative energy.
   Will:      It decreases your willpower.
 y - a +0 pair of gloves (worn)
Jewellery
 c - a ring of wizardry
 e - a +4 ring of slaying (left hand)
 f - a +4 ring of protection (right hand)
 l - a ring of protection from fire
 v - a ring of see invisible
 x - a +4 ring of evasion
Wands
 j - a wand of polymorph (3)
 m - a wand of flame (6)
Scrolls
 s - a scroll of teleportation
 w - a scroll of enchant armour
Potions
 b - 2 potions of magic
 g - 2 potions of attraction
 h - 3 potions of cancellation
 i - 2 potions of brilliance
 k - a potion of degeneration {unknown}
 o - a potion of lignification {unknown}
 q - 2 potions of flight {unknown}
 u - a potion of ambrosia {unknown}
 z - a potion of curing {unknown}
 A - a potion of might {unknown}


   Skills:
 - Level 3.5 Fighting
 + Level 7.9 Short Blades
 - Level 5.3 Dodging
 - Level 3.7 Stealth
 - Level 4.3 Spellcasting
 - Level 5.6 Necromancy


You had 12 spell levels left.
You knew the following spells:

 Your Spells              Type           Power      Damage    Failure   Level
a - Necrotise             Necr           88%        1d8       1%          1
b - Sublimation of Blood  Necr           22%        N/A       2%          2

Your spell library contained the following spells:

 Spells                   Type           Power      Damage    Failure   Level
 Vampiric Draining        Necr           22%        2d7       4%          3
 Animate Dead             Necr           22%        N/A       16%         4
 Blink                    Tloc           6%         N/A       22%         2
 Agony                    Necr           22%        N/A       38%         5
 Lesser Beckoning         Tloc           3%         N/A       41%         3
 Portal Projectile        Hex/Tloc       6%         N/A       41%         3
 Tukima's Dance           Hex            3%         N/A       41%         3
 Blade Hands              Tmut           1%         N/A       99%         5
 Manifold Assault         Tloc           3%         N/A       99%         5
 Dispersal                Tloc           1%         N/A       100%        6
 Disjunction              Tloc           1%         N/A       100%        8


Dungeon Overview and Level Annotations

Branches:
Dungeon (5/15)             Temple (0/1) D:4

Altars:
Cheibriados
Kikubaaqudgha

Shops:
D:5 =

Annotations:
D:5 jlumianski's ghost, novice DsGl


Innate Abilities, Weirdness & Mutations

You are small and have problems with some larger weapons.
You are completely attuned to the shadows.
You are clumsy. (Dex -2)
Your muscles are strong. (Str +4, Int/Dex -1)


Message History

Your +3 spectral club closely misses jlumianski's ghost.
Jlumianski's ghost barely misses you.
You hit jlumianski's ghost.
Jlumianski's ghost is lightly damaged.
Your +3 spectral club hits jlumianski's ghost but does no damage.
Jlumianski's ghost barely misses you. Jlumianski's ghost misses you.
You hit jlumianski's ghost.
Jlumianski's ghost is lightly damaged.
Your +3 spectral club hits jlumianski's ghost.
Jlumianski's ghost says, "I'll split you in two!"
Jlumianski's ghost closely misses your +3 spectral club.
You hit jlumianski's ghost but do no damage.
Jlumianski's ghost is moderately damaged.
Your +3 spectral club hits jlumianski's ghost.
Jlumianski's ghost hits your +3 spectral club!
Your spectral weapon shares its damage with you!
You closely miss jlumianski's ghost.
Jlumianski's ghost is moderately damaged.
Your +3 spectral club hits jlumianski's ghost!
Jlumianski's ghost hits you!
Jlumianski's ghost hits you but does no damage.
You hit jlumianski's ghost.
Jlumianski's ghost is heavily damaged.
Your +3 spectral club hits jlumianski's ghost.
Jlumianski's ghost hits you!
You closely miss jlumianski's ghost.
Jlumianski's ghost is heavily damaged.
Your +3 spectral club hits jlumianski's ghost but does no damage.
Jlumianski's ghost misses you.
You hit jlumianski's ghost but do no damage.
Jlumianski's ghost is heavily damaged.
Your +3 spectral club closely misses jlumianski's ghost.
Jlumianski's ghost misses you. Jlumianski's ghost closely misses you.
You barely miss jlumianski's ghost.
Jlumianski's ghost is heavily damaged.
Your +3 spectral club hits jlumianski's ghost.
Your +3 spectral club fades away.
Jlumianski's ghost hits you!
You die...
Kikubaaqudgha rasps: "You have failed me!
Welcome... death!"

.....###..........###.
.....# #........).#
.....#)#..........#
.....#~#..........#
#~#..........#
##~#..........#
###~#..........#
#.#W#..........#
#..@..##########
#######


You could see jlumianski's ghost.

Vanquished Creatures
  Sigmund (D:3)
  A golden eye (D:5)
  A black bear (D:4)
  An ogre (D:5)
  3 scorpions
  2 howler monkeys
  6 hounds (D:4)
  A jelly (D:5)
  An iguana (D:4)
  Jessica (D:3)
  Terence (D:3)
  2 orc wizards (D:4)
  A gnoll (D:5)
  6 adders
  A shadow imp (D:5)
  4 ufetubi
  A worm (D:3)
  A dart slug (D:4)
  16 orcs
  2 bats
  12 endoplasms
  5 giant cockroaches
  7 goblins
  6 hobgoblins
  2 jackals (D:5)
  7 kobolds
  7 quokkas
  5 ball pythons
  4 frilled lizards
  3 rats
111 creatures vanquished.

Vanquished Creatures (collateral kills)
  An adder (D:4)
  An endoplasm (D:3)
  A goblin (D:1)
  A kobold (D:4)
4 creatures vanquished.

Vanquished Creatures (others)
  4 plants (D:4)
  3 withered plants (D:3)
7 creatures vanquished.

Grand Total: 122 creatures vanquished

Notes
Turn   | Place    | Note
-------+----------+-------------------------------------------
     0 | D:1      | AttackTheMoon the Kobold Necromancer began the quest for
                  | the Orb.
     0 | D:1      | Reached XP level 1. HP: 10/10 MP: 3/3
    81 | D:1      | Reached XP level 2. HP: 12/15 MP: 1/5
   568 | D:1      | Reached XP level 3. HP: 19/19 MP: 3/6
  1280 | D:2      | Gained mutation: You are clumsy. (Dex -2) [potion of
                  | mutation]
  1280 | D:2      | Gained mutation: Your muscles are strong. (Str +4, Int/Dex
                  | -1) [potion of mutation]
  1388 | D:2      | Reached XP level 4. HP: 16/24 MP: 8/8
  1998 | D:3      | Noticed Terence
  2009 | D:3      | Killed Terence
  2017 | D:3      | Reached skill level 1 in Short Blades
  2525 | D:3      | Reached XP level 5. HP: 28/28 MP: 6/9
  2527 | D:3      | Noticed Jessica
  2539 | D:3      | Killed Jessica
  2540 | D:3      | Reached skill level 1 in Fighting
  2972 | D:3      | Found an ancient bone altar of Kikubaaqudgha.
  2979 | D:3      | Became a worshipper of Kikubaaqudgha
  3106 | D:3      | Noticed Sigmund
  3114 | D:3      | Killed Sigmund
  3115 | D:3      | Reached skill level 2 in Short Blades
  3115 | D:3      | Reached XP level 6. HP: 22/35 MP: 4/11
  3462 | D:4      | Reached skill level 5 in Necromancy
  3465 | D:4      | Reached skill level 3 in Short Blades
  3465 | D:4      | Reached XP level 7. HP: 40/40 MP: 7/12
  3592 | D:4      | Identified the +0 robe of Xurith {rC+++ rN++ Will-}
  3962 | D:4      | Reached * piety under Kikubaaqudgha
  3962 | D:4      | Received a gift from Kikubaaqudgha
  3970 | D:4      | Learned a level 2 spell: Sublimation of Blood
  4097 | D:4      | Reached skill level 5 in Dodging
  4196 | D:4      | Reached skill level 4 in Short Blades
  4196 | D:4      | Reached XP level 8. HP: 46/46 MP: 9/14
  4271 | D:4      | Found a staircase to the Ecumenical Temple.
  4632 | D:4      | Found a snail-covered altar of Cheibriados.
  4727 | D:5      | Entered Level 5 of the Dungeon
  4768 | D:5      | Reached skill level 5 in Short Blades
  4803 | D:5      | Found Uroxt's Jewellery Boutique.
  4857 | D:5      | Noticed a basilisk
  4857 | D:5      | an ogre changed into a basilisk
  4859 | D:5      | a basilisk changed into a golden eye
  5424 | D:5      | Reached skill level 6 in Short Blades
  5563 | D:5      | Reached skill level 7 in Short Blades
  5809 | D:5      | Found a runed translucent door.
  5818 | D:5      | Noticed jlumianski's ghost (novice DsGl)
  5834 | D:5      | Slain by jlumianski's ghost

Illustrated notes

Levels and vault maps discovered:
D:1:      evilmike_arrival_hilbert_curve, layout_loops_ring
D:2:      layout_basic
D:3:      layout_loops_ring, kiku_gazebo_garden_becter,
          kennysheep_generic_room_11, uniq_jessica, uniq_terence, uniq_sigmund
D:4:      layout_cave_pools, kennysheep_mini_moat, temple_green,
          serial_bayou_pond_b, hex_medium, minmay_increasing_density
D:5:      layout_basic, ebering_ghost_sewer_d, minmay_shop_enchanted_jewellery,
          minmay_checkerbox

Skill      XL: |  1  2  3  4  5  6  7  8 |
---------------+-------------------------+-----
Stealth        | 3 |  3.7
Dodging        | 3 4 5 |  5.3
Short Blades   | 1 2 3 4 7 |  7.9
Spellcasting   | 3 4 |  4.3
Fighting       | 2 3 |  3.5
Necromancy     | 5 |  5.6

Action                   |  1- 3 |  4- 6 |  7- 9 || total
-------------------------+-------+-------+-------++-------
Melee: Unarmed           |     8 |       |       ||     8
       Dagger            |    31 |    26 |       ||    57
       Club              |       |     5 |    93 ||    98
       Punch             |       |     1 |     1 ||     2
 Cast: Necrotise         |    49 |    42 |    68 ||   159
Evoke: Wand              |       |       |     3 ||     3
  Use: Scroll            |     5 |     4 |     3 ||    12
       Potion            |     1 |       |       ||     1
 Stab: Sleeping          |       |     1 |       ||     1
       Distracted        |       |       |     2 ||     2
Armor: Robe              |    16 |     4 |    22 ||    42
Dodge: Dodged            |    64 |    21 |    74 ||   159

Table legend: (Time is in decaauts)
 A = Elapsed time spent in this place.
 B = Non-inter-level travel time spent in this place.
 C = Inter-level travel time spent in this place.
 D = Time resting spent in this place.
 E = Time spent auto-exploring this place.
 F = Levels seen in this place.
 G = Mean time per level.
                   A        B        C        D        E       F      G
               +--------+--------+--------+--------+--------+-----+--------+
         Total |   5869 |   5716 |    153 |    751 |   4188 |   5 | 1173.8 |
       Dungeon |   5869 |   5716 |    153 |    751 |   4188 |   5 | 1173.8 |
               +--------+--------+--------+--------+--------+-----+--------+

Top non-repeatable levels by time:
     D:4: 1778 daAuts
     D:3: 1393 daAuts
     D:2: 1057 daAuts
     D:1: 934 daAuts
     D:5: 705 daAuts
